 Dungeon Crawl Stone Soup version 0.29-a0-392-g297d3b089c (webtiles) character file.

Game seed: 12620914962223622037

323 holysushi the Skirmisher (level 6, -4/60 HPs)
             Began as an Ogre Chaos Knight on May 8, 2022.
             Was a Plaything of Xom.
             Slain by Pikel the spriggan (shapeshifter)
             ... wielding a +0 whip of flaming
              (14 damage)
             ... on level 3 of the Dungeon.
             The game lasted 00:02:51 (2364 turns).

holysushi the Skirmisher (Ogre Chaos Knight)        Turns: 2364, Time: 00:02:52

Health: -4/60      AC:  5    Str: 17    XL:     6   Next: 47%
Magic:  6/6        EV: 10    Int: 13    God:    Xom [*.....]
Gold:   157        SH:  0    Dex: 15    Spells: 5/5 levels left

rFire   . . .      SeeInvis .   n - +8 spear "Emiycveoff" {vamp, Dex+3}
rCold   . . .      Faith    .   (no shield)
rNeg    . . .      Spirit   .   x - +0 troll leather armour
rPois   .          Reflect  .   (helmet restricted)
rElec   .          Harm     .   h - +0 cloak
rCorr   .          Rampage  .   (gloves unavailable)
Will    .....      Clarity  +   (boots unavailable)
Stlth   +.........              (no amulet)
HPRegen 1.00/turn               (no ring)
MPRegen 0.10/turn               (no ring)

@: no status effects
A: large, unfitting armour, tough skin 1, agile 1, clarity, deformed body, frail
1, shaggy fur 1
a: Renounce Religion


You were on level 3 of the Dungeon.
You worshipped Xom.
You were a special plaything of Xom.
You visited 1 branch of the dungeon, and saw 4 of its levels.
You also visited: Sewer.

You collected 157 gold pieces.

Inventory:

Hand Weapons
 a - a +0 mace of chaos
 n - the +8 spear "Emiycveoff" (weapon) {vamp, Dex+3}
   (You found it on level 2 of the Dungeon)

   It occasionally heals its wielder for a portion of the damage dealt when it
   wounds a living foe.
   Dex:       It affects your dexterity (+3).
Armour
 b - a +2 robe
 h - a +0 cloak (worn)
 x - a +0 troll leather armour (worn)
Jewellery
 u - an amulet of faith
Scrolls
 d - 7 scrolls of identify
 e - a scroll of noise {unknown}
 g - 2 scrolls of fog
 k - a scroll of magic mapping {unknown}
 r - a scroll of brand weapon {unknown}
 s - a scroll of teleportation {unknown}
 w - a scroll of enchant armour {unknown}
 y - a scroll of amnesia {unknown}
 A - a scroll of vulnerability {unknown}
Potions
 f - 3 potions of haste {unknown}
 i - a potion of magic {unknown}
 j - a potion of might {unknown}
 l - a potion of flight {unknown}
 m - 2 potions of brilliance {unknown}
 o - 3 potions of attraction {unknown}
 p - a potion of lignification {unknown}
 q - a potion of heal wounds {unknown}
 t - a potion of resistance {unknown}
 z - 4 potions of curing {unknown}
Miscellaneous
 c - a piece from Xom's chessboard (15/15) (quivered)
 v - a tin of tremorstones (2/2)


   Skills:
 + Level 6.2 Fighting
 * Level 5.5 Maces & Flails
 + Level 2.1 Dodging


You had 5 spell levels left.
You didn't know any spells.
Your spell library contained the following spells:

 Spells                   Type           Power      Damage    Failure   Level
 Ensorcelled Hibernation  Hex/Ice        0%         N/A       50%         2
 Passwall                 Tmut/Erth      0%         N/A       50%         2
 Swiftness                Air            0%         N/A       75%         3
 Blade Hands              Tmut           0%         N/A       100%        5
 Irradiate                Conj/Tmut      0%         3d13      100%        5
 Dragon Form              Tmut           0%         N/A       100%        7


Dungeon Overview and Level Annotations

Branches:
Dungeon (4/15)              Sewer (visited)
 Temple: D:4-7

Altars:

Shops:
D:2 [


Innate Abilities, Weirdness & Mutations

You are too large for most types of armour.
You have tough skin. (AC +1)
You are agile. (Dex +2)
You possess an exceptional clarity of mind.
Armour fits poorly on your strangely shaped body.
You are frail. (-10% HP)
You are covered in fur. (AC +1)


Message History

Pikel hits you with a +0 whip of flaming!
Pikel burns you.
The jelly jiggles.
You miss Pikel. Pikel barely misses you.
You miss Pikel.
Pikel says, "Dispater doesn't talk much, but I know they dig me."
Pikel zaps a wand.
You suddenly lose the ability to move!
Pikel hits you with a +0 whip of flaming!
Pikel burns you.
You can move again.
Pikel closely misses you.
You climb upwards.
There is a stone staircase leading down here.
Unknown command.
You miss Pikel.
Pikel hits you with a +0 whip of flaming!
Pikel burns you.
* * * LOW HITPOINT WARNING * * *
You hit Pikel but do no damage.
Pikel hits you with a +0 whip of flaming.
* * * LOW HITPOINT WARNING * * *
Pikel burns you.
* * * LOW HITPOINT WARNING * * *
You puncture Pikel!
You feel better.
Pikel is moderately wounded.
Pikel hits you with a +0 whip of flaming!
* * * LOW HITPOINT WARNING * * *
Pikel burns you.
* * * LOW HITPOINT WARNING * * *
You barely miss Pikel.
Pikel is moderately wounded.
Pikel zaps a wand.
You resist with some effort.
The now-empty wand crumbles to dust.
Pikel misses you.
Unknown command.
As you read the scroll labelled ELOSIA XICITOPP, it crumbles to dust.
It is a scroll of identify.
g - 2 scrolls of fog Pikel hits you with a +0 whip of flaming!
You die...
Xom laughs nastily!

......#.#.....#..)........#.#.#
..............#.............†.#
......#.#............###..#.#.#
..........#.##...#...# ##.....#
#.#########.##...#...############
#.# #.###.................. #.#
#......#...........#.#. #.#
#.###i.#............... #.#####
#.# ##@#........#.#.#..
......####### ######.......)....
..........# #.....#.#.#.#
.<........# #...........#
####......# #.....#.#.#.#
#......# ####........# ########
#......### ########


You could see Pikel the spriggan shaped shifter.

Vanquished Creatures
  2 hounds (D:4)
  2 orc priests (D:3)
  An orc wizard (D:3)
  A hell rat (Sewer)
  4 adders
  2 river rats (Sewer)
  3 worms
  4 dart slugs
  11 orcs
  7 ball pythons
  5 bats
  4 endoplasms
  5 giant cockroaches
  6 goblins
  5 hobgoblins
  2 jackals (D:2)
  4 kobolds
  3 quokkas
  4 frilled lizards
  8 rats
83 creatures vanquished.

Vanquished Creatures (others)
  2 adders (D:3)
  2 giant cockroaches (D:3)
  3 plants (D:2)
7 creatures vanquished.

Grand Total: 90 creatures vanquished

Notes
Turn   | Place    | Note
-------+----------+-------------------------------------------
     0 | D:1      | holysushi the Ogre Chaos Knight began the quest for the
                  | Orb.
     0 | D:1      | Reached XP level 1. HP: 24/24 MP: 1/1
   298 | D:1      | Reached XP level 2. HP: 25/32 MP: 2/2
   546 | D:1      | Reached XP level 3. HP: 40/40 MP: 3/3
   914 | D:1      | XOM: divination: magic mapping
  1039 | D:2      | Found a faded altar of an unknown god.
  1112 | D:2      | Identified the +8 spear "Emiycveoff" {vamp, Dex+3}
  1139 | D:2      | XOM: divination: detect items
  1141 | D:2      | XOM: god gift: scroll labelled ZOTEQ XELAOT {god gift}
  1165 | D:2      | XOM: silly message
  1180 | D:2      | Found Xoich's Antique Armour Boutique.
  1187 | D:2      | Reached XP level 4. HP: 49/49 MP: 4/4
  1271 | D:2      | XOM: give mutations
  1271 | D:2      | Gained mutation: You are covered in fur. (AC +1) [Xom's
                  | grace]
  1271 | D:2      | Gained mutation: You possess an exceptional clarity of
                  | mind. [Xom's grace]
  1271 | D:2      | Gained mutation: Your mind is acute. (Int +2) [Xom's grace]
  1271 | D:2      | Gained mutation: You are agile. (Dex +2) [Xom's grace]
  1421 | D:3      | Reached skill level 5 in Fighting
  1426 | D:3      | XOM: confuse monster(s)
  1435 | D:3      | Found a glowing drain.
  1437 | D:3      | Reached XP level 5. HP: 57/57 MP: 5/5
  1439 | D:3      | XOM: divination: magic mapping
  1513 | D:3      | XOM: cleaving
  1514 | D:3      | XOM: divine lightning
  1535 | Sewer    | Entered a sewer
  1582 | Sewer    | Reached skill level 5 in Maces & Flails
  1780 | D:3      | XOM: give mutations
  1780 | D:3      | Gained mutation: You are frail. (-10% HP) [Xom's mischief]
  1780 | D:3      | Gained mutation: Armour fits poorly on your strangely
                  | shaped body. [Xom's mischief]
  1814 | D:3      | Reached XP level 6. HP: 59/59 MP: 6/6
  2087 | D:3      | XOM: give mutation
  2087 | D:3      | Lost mutation: Your mind is acute. (Int +2) [Xom's
                  | mischief]
  2126 | D:4      | XOM: potion effect (haste)
  2132 | D:4      | Reached skill level 6 in Fighting
  2134 | D:4      | XOM: divination: magic mapping
  2252 | D:4      | XOM: silly message
  2301 | D:4      | Noticed Pikel
  2346 | D:4      | Noticed Pikel
  2346 | D:4      | Pikel changed into Pikel the shapeshifter
  2346 | D:4      | XOM: polymorph Pikel -> Pikel the shapeshifter
  2346 | D:4      | Noticed Pikel
  2346 | D:4      | Pikel the shapeshifter changed into Pikel the spriggan
  2356 | D:4      | Paralysed by Pikel for 2 turns
  2364 | D:3      | Slain by Pikel the spriggan (shapeshifter)

Illustrated notes

Levels and vault maps discovered:
D:1:      elethiomel_arrival_fortress_basement, layout_rooms
D:2:      layout_rooms, ebering_ecumenical_altar_rust, serial_shops,
          nicolae_shop_overgrown_old_shop
D:3:      layout_basic, serial_glass, glass_columns_a, glass_columns_a,
          glass_columns_a, glass_columns_b, gup_sewer_entry_glass
D:4:      layout_basic, uniq_pikel

Skill      XL: |  1  2  3  4  5  6 |
---------------+-------------------+-----
Maces & Flails | 3 4 5 |  5.5
Fighting       | 5 6 |  6.2
Dodging        | |  2.1

Action                   |  1- 3 |  4- 6 || total
-------------------------+-------+-------++-------
Melee: Mace              |    96 |       ||    96
       Spear             |     4 |   130 ||   134
       Punch             |       |     1 ||     1
  Use: Scroll            |       |     1 ||     1
 Stab: Paralysed         |     2 |       ||     2
       Distracted        |     1 |       ||     1
       Confused          |       |     1 ||     1
Armor: Robe              |    55 |    15 ||    70
       Troll leather arm |       |    11 ||    11
Dodge: Dodged            |    71 |    34 ||   105

Table legend: (Time is in decaauts)
 A = Elapsed time spent in this place.
 B = Non-inter-level travel time spent in this place.
 C = Inter-level travel time spent in this place.
 D = Time resting spent in this place.
 E = Time spent auto-exploring this place.
 F = Levels seen in this place.
 G = Mean time per level.
                   A        B        C        D        E       F      G
               +--------+--------+--------+--------+--------+-----+--------+
         Total |   2397 |   2279 |    118 |    169 |   1426 |   5 |  479.4 |
       Dungeon |   2170 |   2052 |    118 |     40 |   1409 |   4 |  542.5 |
         Sewer |    227 |    227 |      0 |    129 |     17 |   1 |  227.0 |
               +--------+--------+--------+--------+--------+-----+--------+

Top non-repeatable levels by time:
     D:1: 963 daAuts
     D:3: 507 daAuts
     D:2: 471 daAuts
   Sewer: 227 daAuts
     D:4: 227 daAuts
